Map: Ruby Rock LE

Players

Dudesick

  • Race: Protoss Protoss
  • League: Diamond
  • Spawn Location: 11:00

HoldTheDoor - Winner!

  • Race: Protoss Protoss
  • League: Diamond
  • Spawn Location: 5:00

VOD

Have the link to the VOD?

Description

Time

  • Played on: May 17, 2026, 1:15 p.m.
  • Length: 7:11
Show
View Real Time Build Order
Export as new Build Order

Dudesick Protoss 

Build Orders:  

Get SALT Encoding   

  12  0:00  Probe  
  13  0:13  Pylon  
  13  0:15  Probe  
  14  0:23  Probe  
  15  0:32  Probe  
  16  0:39  Forge  
  16  0:52  Pylon  
  16  0:58  Probe  
  17  1:10  Probe  
  18  1:14  Photon Cannon  
  18  1:15  Photon Cannon  
  17  1:29  Gateway  
  17  1:31  Probe  
  18  1:43  Probe  
  18  1:45  Assimilator  
  19  2:09  Assimilator  
  19  2:11  Nexus  
  19  2:22  Probe  
  19  2:25  Cybernetics Core  
  20  2:30  Probe  
  21  2:38  Probe  
  22  2:44  Gateway  
  22  2:47  Gateway  
  22  2:53  Probe  
  22  2:55  Stalker  
  23  3:01  Warp Gate  
  23  3:12  Probe  
  26  3:24  Probe  
  27  3:41  Probe x2  
  29  3:42  Stalker  
  29  3:44  Pylon, Stalker  
  29  3:49  Pylon  
  29  3:50  Pylon  
  29  3:53  Probe x2  
  35  4:02  Robotics Facility  
  33  4:06  Probe x2  
  35  4:11  Protoss Ground Weapons Level 1  
  35  4:19  Stalker x2  
  35  4:21  Shield Battery  
  35  4:22  Probe x2  
  41  4:35  Probe x2  
  43  4:40  Pylon  
  43  4:44  Shield Battery  
  47  4:59  Shield Battery  
  47  5:04  Photon Cannon  
  47  5:10  Stalker x2  
  47  5:12  Probe  
  47  5:13  Probe  
  43  5:31  Pylon  
  43  5:33  Stalker  
  43  5:35  Stalker  
  37  5:55  Pylon  
  31  6:00  Pylon  
  31  6:09  Stalker x2  
  23  6:34  Stalker x2  
  23  6:49  Gateway  
  23  6:51  Gateway  
Show
View Real Time Build Order
Export as new Build Order

HoldTheDoor Protoss - Winner!

Build Orders:  

Get SALT Encoding   

  12  0:00  Probe  
  13  0:12  Probe  
  14  0:17  Pylon  
  14  0:24  Probe  
  15  0:32  Probe  
  15  0:39  Gateway  
  15  0:40  Probe  
  16  0:49  Assimilator  
  17  0:50  Probe  
  18  1:07  Forge  
  18  1:09  Probe  
  19  1:19  Zealot  
  19  1:25  Probe  
  22  1:37  Probe  
  22  1:38  Pylon  
  23  1:44  Photon Cannon  
  23  1:58  Pylon  
  21  2:03  Cybernetics Core  
  21  2:04  Probe  
  22  2:13  Assimilator  
  22  2:16  Probe  
  23  2:28  Stalker, Probe, Gateway  
  26  2:46  Robotics Facility  
  26  2:52  Pylon  
  26  2:55  Probe  
  27  3:00  Stalker  
  29  3:09  Warp Gate  
  29  3:16  Probe  
  30  3:45  Probe, Stalker  
  31  3:50  Immortal  
  37  4:02  Shield Battery  
  37  4:03  Pylon  
  37  4:10  Pylon  
  37  4:12  Stalker  
  39  4:28  Immortal  
  39  4:30  Shield Battery  
  39  4:31  Pylon  
  43  4:56  Gateway  
  43  4:58  Stalker x2  
  43  5:29  Immortal  
  43  5:30  Stalker x2  
  47  6:00  Stalker x3  
  47  6:38  Stalker x3  
Tags
 
Matchup
PvP
Replay Pack
SC2Mai2026
Spawn Locations
Cross Positions
Add a new tag
Caveats
  • Supply blocks, unpowered buildings, or Contaminate may cause inaccurate times.
  • Supply counts are checked every 10 seconds.